 Dungeon Crawl Stone Soup version 0.15.1-4-gac8487e (webtiles) character file.

166 EvilAshe the Ruinous (level 5, -1/31 HPs)
             Began as a High Elf Conjurer on Oct 15, 2014.
             Was an Initiate of Sif Muna.
             Slain by a water moccasin (2 damage)
             ... on Level 3 of the Dungeon.
             The game lasted 00:15:16 (3247 turns).

EvilAshe the Ruinous (High Elf Conjurer)            Turns: 3247, Time: 00:15:16

HP  -1/31        AC  4     Str  5 (7)  XL: 5   Next: 22%
MP   0/12        EV 13     Int 19      God: Sif Muna [......]
Gold 180         SH  0     Dex 16      Spells:  3 memorised,  1 level left

rFire  . . .     SeeInvis .     E - +2 flail (drain)
rCold  . . .     Clarity  .     a - +0 robe
rNeg   . . .     rCorr    .     (no shield)
rPois  .         rRot     .     D - +0 helmet
rElec  .         Spirit   .     (no cloak)
SustAb .         Warding  .     r - +0 pair of gloves
rMut   .         Stasis   .     (no boots)
Gourm  .                        (no amulet)
MR     .....                    (no ring)
                                (no ring)

@: lethally poisoned, very slightly contaminated, not resistant to hostile
enchantments, unstealthy
A: no striking features
a: Renounce Religion


You were on level 3 of the Dungeon.
You worshipped Sif Muna.
Sif Muna was noncommittal.
You were very hungry.

You visited 2 branches of the dungeon, and saw 5 of its levels.

You collected 180 gold pieces.

Inventory:

Hand weapons
 t - a +0 war axe
 w - a +0 whip
 E - a +2 flail of draining (weapon)
Armour
 a - a +0 robe (worn)
 r - a +0 pair of gloves (worn)
 D - a +0 helmet (worn)
Magical devices
 v - a wand of magic darts (15)
Comestibles
 b - a bread ration
 k - 3 meat rations
 x - a beef jerky
 B - 2 chunks of jackal flesh
Scrolls
 e - a scroll of noise {unknown}
 f - a scroll of identify {unknown}
 h - 2 scrolls of teleportation {unknown}
 i - a scroll of amnesia {unknown}
 j - 3 scrolls of remove curse {unknown}
 l - a scroll of magic mapping {unknown}
 m - 3 scrolls of recharging {unknown}
 q - a scroll of enchant weapon {unknown}
 u - 3 scrolls of blinking {unknown}
 A - a scroll of enchant armour {unknown}
Jewellery
 o - an uncursed ring of ice {unknown}
 p - an uncursed ring of stealth {unknown}
 y - an uncursed amulet of resist corrosion {unknown}
Potions
 d - a potion of agility {unknown}
 g - a potion of invisibility {unknown}
 n - a potion of restore abilities {unknown}
 s - a potion of degeneration
 z - a potion of berserk rage
 C - a potion of brilliance {unknown}
Books
 c - a book of Conjurations

   Spells                             Type                      Level
   *Magic Dart                        Conjuration                  1
   *Searing Ray                       Conjuration                  2
   Dazzling Spray                     Conjuration/Hexes            3
   Fulminant Prism                    Conjuration/Hexes            4
   *Iskenderun's Mystic Blast         Conjuration                  4
   Iskenderun's Battlesphere          Conjuration/Charms           5


   Skills:
 - Level 2.1 Dodging
 - Level 2.1 Stealth
 - Level 2.4 Spellcasting
 + Level 7.2 Conjurations


You had one spell level left.
You knew the following spells:

 Your Spells              Type           Power        Failure   Level  Hunger
a - Magic Dart            Conj           ####         1%          1    #......
i - Iskenderun's Mystic   Conj           ####....     12%         4    #####..
s - Searing Ray           Conj           ####..       1%          2    ##.....


Dungeon Overview and Level Annotations

Branches:
Dungeon (4/15)             Temple (1/1) D:4

Altars:
Ashenzari
Cheibriados
Dithmenos
Elyvilon
Kikubaaqudgha
Makhleb
Nemelex Xobeh
Qazlal
Sif Muna
Trog
Xom
Zin
The Shining One

Annotations:
D:3 exclusion: water moccasin, mutis' ghost, weakling GrEE


Message History

The water moccasin misses you. The water moccasin bites you!
* * * LOW HITPOINT WARNING * * *
You are lethally poisoned!
The water moccasin poisons you!
You are too injured to fight recklessly!
Drink which item? (? for menu, Esc to quit)
You're too hungry to go berserk.
You miss the water moccasin.
The water moccasin is severely wounded.
* * * LOW HITPOINT WARNING * * *
You feel sick. The water moccasin closely misses you.
The water moccasin bites you.
* * * LOW HITPOINT WARNING * * *
Drink which item? (? for menu, Esc to quit)
There was something very wrong with that liquid!
You feel weakened.
It was a potion of degeneration.
* * * LOW HITPOINT WARNING * * *
You feel sick. The water moccasin bites you.
You die...

####......#.......
###.................
............##......
............###########
.........[..#.........#
......................#
......##...[..........#
###+##.........S......#
......(.......##@.....#
..............##......#
.......#......##......#
.).....'......##......#
.......#......##....%.##
.......####'#####......#
........# .... #......#
........# .... #......#
........## ... #......#


You could see a water moccasin.

Vanquished Creatures
  A scorpion (D:4)
  A worker ant (D:4)
  Jessica (D:2)
  A worm (D:3)
  3 giant geckos
  An ooze (D:1)
  An orc (D:4)
  11 goblins
  9 hobgoblins
  4 jackals (D:3)
  8 kobolds
  4 quokkas
  7 bats
  2 giant cockroaches (D:1)
  2 giant newts
  6 rats
62 creatures vanquished.

Notes
Turn   | Place    | Note
--------------------------------------------------------------
     0 | D:1      | EvilAshe, the High Elf Conjurer, began the quest for the Orb.
     0 | D:1      | Reached XP level 1. HP: 11/11 MP: 4/4
   272 | D:1      | Reached XP level 2. HP: 13/17 MP: 1/6
   343 | D:1      | Reached skill level 5 in Conjurations
   832 | D:1      | Learned a level 2 spell: Searing Ray
  1076 | D:2      | Reached XP level 3. HP: 21/21 MP: 6/8
  1478 | D:2      | Noticed Jessica
  1484 | D:2      | Killed Jessica
  1765 | D:2      | Reached skill level 6 in Conjurations
  1860 | D:3      | Noticed mutis' ghost (weakling GrEE)
  2061 | D:3      | Noticed a water moccasin
  2158 | D:3      | Found a burning altar of Makhleb.
  2204 | D:3      | Reached XP level 4. HP: 27/27 MP: 5/11
  2359 | D:2      | Learned a level 4 spell: Iskenderun's Mystic Blast
  2919 | D:4      | Found a staircase to the Ecumenical Temple.
  2926 | Temple   | Entered the Ecumenical Temple
  2966 | Temple   | Became a worshipper of Sif Muna the Loreminder
  3016 | D:4      | Reached skill level 7 in Conjurations
  3016 | D:4      | Reached XP level 5. HP: 31/31 MP: 8/12
  3247 | D:3      | HP: 1/31 [poisoned by a water moccasin]
  3247 | D:3      | Slain by a water moccasin

Action                   |  1- 3 |  4- 6 || total
-------------------------+-------+-------++-------
Melee: Unarmed           |    18 |       ||    18
       War axe           |       |    12 ||    12
       Flail             |       |     2 ||     2
 Cast: Magic Dart        |    75 |    24 ||    99
       Searing Ray       |     4 |     3 ||     7
       Iskenderun's Myst |       |     2 ||     2
Evoke: Wand              |     1 |       ||     1
  Use: Potion            |       |     1 ||     1
  Eat: Chunk             |     3 |       ||     3
       Bread ration      |     1 |       ||     1
